 Dungeon Crawl Stone Soup version 0.23.0-3-gf3c87f2df8 (webtiles) character file.

Game seed: 14652312264112081753

82 Gargoyl the Skirmisher (level 4, -10/40 HPs)
             Began as a Centaur Abyssal Knight on Feb 22, 2019.
             Was a Follower of Lugonu.
             Mangled by a naga warrior
             ... wielding a +0 long sword
              (23 damage)
             ... on level 3 of the Abyss.
             The game lasted 00:01:06 (264 turns).

Gargoyl the Skirmisher (Centaur Abyssal Knight)      Turns: 264, Time: 00:01:08

Health: -10/40     AC:  3    Str: 15    XL:     4   Next: 21%
Magic:  5/5        EV:  6    Int: 11    God:    Lugonu [*.....]
Gold:   143        SH:  0    Dex:  9    Spells: 3/3 levels left

rFire    . . .     SeeInvis .   a - +1 hand axe
rCold    . . .     Gourm    .   (no shield)
rNeg     . . .     Faith    .   (no armour)
rPois    .         Spirit   .   (no helmet)
rElec    .         Reflect  .   (no cloak)
rCorr    .         Harm     .   (no gloves)
MR       .....                  (no barding)
Stlth    +.........             (no amulet)
HPRegen  0.13/turn              (no ring)
MPRegen  0.09/turn              (no ring)

@: constricted, very quick
A: large, hooves 3, deformed body, speed 2, tough skin 3
a: Depart the Abyss, Renounce Religion


You were on level 3 of the Abyss.
You worshipped Lugonu.
Lugonu was aware of your devotion.
You were not hungry.

You visited 0 branches of the dungeon, and saw 0 of its levels.
You visited the Abyss 1 time.

You collected 143 gold pieces.

Inventory:

Hand Weapons
 a - a +1 hand axe (weapon)
Armour
 b - a +0 leather armour
 d - a +0 scale mail
Comestibles
 c - 3 rations


   Skills:
 + Level 4.0 Fighting
 + Level 2.8 Axes
 + Level 1.7 Armour
 + Level 0.6 Dodging
 + Level 2.2 Invocations


You had 3 spell levels left.
You didn't know any spells.
Your spell library was empty.

Dungeon Overview and Level Annotations

Branches:
Dungeon (0/15)

Altars:


Innate Abilities, Weirdness & Mutations

You have hooves in place of feet.
Armour fits poorly on your strangely shaped body.
You cover ground very quickly.
You have extremely tough skin. (AC +3)


Message History

You now have 143 gold pieces (gained 62).
Found a scale mail.
Found a white potion and 36 gold pieces.
Found a hardcover book.
You see here a scale mail.
d - a scale mail You start removing your armour.
You continue taking off your +0 leather armour. x4
You finish taking off your +0 leather armour.
You start putting on your armour.
You continue putting on your scale mail.
Keep equipping yourself?
You continue putting on your scale mail. x2
The guardian serpent weaves intricate patterns with the tip of its tongue.
You continue putting on your scale mail.
The naga warrior hits you with a +0 halberd!
The naga warrior grabs you. The naga warrior constricts you.
The naga warrior hits you with a +0 long sword!!
Ouch! That really hurt!
You die...

.......#:.....
#..............
....#...#......
#...............
#..............
...............#
...#....#...... .
......N@N#....#..
!.......N........
..S.............#[. .
..#..#............. ...
$...........#.........#
....#...#...............
....##.#......#.. ... .
............#... ......
. . ....#. .# . . .....


You could see 2 naga warriors, a guardian serpent and a naga.

Vanquished Creatures
  An eye of draining (Abyss:2)
1 creature vanquished.

Vanquished Creatures (others)
  A shadow imp (Abyss:2)
  A lurking horror (Abyss:2)
2 creatures vanquished.

Grand Total: 3 creatures vanquished

Notes
Turn   | Place    | Note
-------+----------+-------------------------------------------
     0 | Abyss:1  | Gargoyl the Centaur Abyssal Knight began the quest for the
                  | Orb.
     0 | Abyss:1  | Reached XP level 1. HP: 19/19 MP: 2/2
    99 | Abyss:2  | Noticed an eye of draining
   111 | Abyss:2  | Killed an eye of draining
   111 | Abyss:2  | Reached skill level 4 in Fighting
   111 | Abyss:2  | Reached XP level 2. HP: 27/27 MP: 0/3
   111 | Abyss:2  | Reached XP level 3. HP: 33/33 MP: 0/4
   111 | Abyss:2  | Reached XP level 4. HP: 40/40 MP: 0/5
   132 | Abyss:2  | Noticed an ancient zyme
   144 | Abyss:2  | Noticed a small abomination
   217 | Abyss:2  | Noticed a rust devil
   222 | Abyss:2  | Noticed a chaos spawn
   261 | Abyss:3  | Noticed a guardian serpent
   264 | Abyss:3  | Noticed a naga warrior
   264 | Abyss:3  | Noticed a naga warrior
   264 | Abyss:3  | Noticed a naga
   264 | Abyss:3  | Mangled by a naga warrior

Skill      XL: |  1 |
---------------+----+-----
Fighting       | 4 |  4.0
Axes           | 2 |  2.8
Armour         | |  1.7
Dodging        | |  0.6
Invocations    | |  2.2

Action                   |  1- 3 |  4- 6 || total
-------------------------+-------+-------++-------
Melee: Hand axe          |     9 |     1 ||    10
       Kick              |     2 |       ||     2
  Use: Scroll            |       |     1 ||     1
Dodge: Dodged            |       |     3 ||     3
